 Dungeon Crawl Stone Soup version 0.28-b1-25-g9875b3fc8c (webtiles) character file.

Game seed: 4373904426313913793

870 theswoord the Twirler (level 7, 0/79 HPs)
             Began as a Demonspawn Gladiator on Feb 5, 2022.
             Slain by a necrophage (6 damage)
             ... on level 4 of the Dungeon.
             The game lasted 00:17:15 (4400 turns).

theswoord the Twirler (Demonspawn Gladiator)        Turns: 4400, Time: 00:17:16

Health: 0/79       AC: 10    Str: 16    XL:     7   Next: 73%
Magic:  7/7        EV:  8    Int: 14    God:
Gold:   182        SH:  4    Dex: 20    Spells: 6/6 levels left

rFire   + . .      SeeInvis .   a - +0 quarterstaff (venom)
rCold   + . .      Faith    .   (shield currently unavailable)
rNeg    . . .      Spirit   .   t - +0 chain mail
rPois   .          Reflect  .   c - +1 helmet
rElec   .          Harm     .   m - scarf {rC+ rF+}
rCorr   .          Rampage  .   (no gloves)
Will    .....                   (no boots)
Stlth   ..........              (no amulet)
HPRegen 1.23/turn               i - +6 ring of dexterity
MPRegen 0.10/turn               j - ring of flight

@: berserking (expiring), lethally poisoned (0 -> 0), flying, studying Fighting,
very quick
A: large bone plates 1, powered by death 1, powered by pain 2, claws 1, clever
2, evolution 1
a: no special abilities


You were on level 4 of the Dungeon.
You visited 1 branch of the dungeon, and saw 5 of its levels.

You collected 182 gold pieces.

Inventory:

Hand Weapons
 a - a +0 quarterstaff of venom (weapon)
Missiles
 d - 2 throwing nets (quivered)
Armour
 b - a +0 leather armour
 c - a +1 helmet (worn)
 g - a +0 scale mail
 m - a scarf of resistance (worn)
 t - a +0 chain mail (worn)
Jewellery
 i - a +6 ring of dexterity (left claw)
 j - a ring of flight (right claw)
Wands
 q - a wand of digging (8)
Potions
 e - a potion of magic
 f - 3 potions of curing
 n - 2 potions of flight {unknown}
 o - a potion of brilliance {unknown}


   Skills:
 + Level 3.9 Fighting
 * Level 7.8 Staves
 - Level 2.0 Throwing
 - Level 0.4 Armour
 - Level 3.1 Dodging
 - Level 0.4 Shields


You had 6 spell levels left.
You didn't know any spells.
Your spell library contained the following spells:

 Spells                   Type           Power      Damage    Failure   Level
 Animate Skeleton         Necr           0%         N/A       99%         1
 Pain                     Necr           0%         1d4       99%         1
 Sandblast                Erth           0%         2d4       99%         1
 Passwall                 Tmut/Erth      0%         N/A       100%        2
 Stone Arrow              Conj/Erth      0%         3d7       100%        3
 Vampiric Draining        Necr           0%         2d6       100%        3


Dungeon Overview and Level Annotations

Branches:
Dungeon (5/15)
 Temple: D:4-7

Altars:
The Shining One


Innate Abilities, Weirdness & Mutations

You are partially covered in large bone plates. (SH +4)
You regenerate a little health from kills.
You sometimes gain power by taking damage.
You have sharp fingernails.
Your mind is very acute. (Int +4)
You have hidden genetic potential.


Message History

The water moccasin is severely wounded.
The water moccasin bites you.
* * * LOW HITPOINT WARNING * * *
You are poisoned.
The water moccasin poisons you!
You barely miss the water moccasin.
The water moccasin is severely wounded.
You feel sick. You block the water moccasin's attack. The necrophage hits you.
* * * LOW HITPOINT WARNING * * *
You feel drained.
You miss the water moccasin.
The water moccasin is severely wounded.
* * * LOW HITPOINT WARNING * * *
You feel sick.
The water moccasin bites you but does no damage.
You thump the water moccasin!
The water moccasin is almost dead.
You feel sick.
The necrophage hits you but does no damage.
The water moccasin bites you but does no damage.
You barely miss the water moccasin.
The water moccasin is almost dead.
You feel sick. You block the necrophage's attack.
The water moccasin barely misses you.
You barely miss the water moccasin.
The water moccasin is almost dead.
You feel sick.
You closely miss the water moccasin.
The water moccasin is almost dead.
You feel sick. The water moccasin closely misses you.
You block the necrophage's attack.
You sock the water moccasin!
You kill the water moccasin!
You feel sick.
Your life force feels restored.
You are too berserk!
You sock the necrophage!
The necrophage is heavily damaged.
You feel sick. The necrophage hits you.
You die...

#................'...##...##
###..........(....#...'.....#
.##..##...###....###..##....#
.######...######'#######...##
.##..##...............######
.......................#
.......................##
###..###...##...n###....#
########...##...@###.####
#..............†.#....#
#................#....#
##....##...##....#....#
##....####+##....##...#
...........##....##..######
............'....##..##...#
##....#######....##'###...#
##....##...##.§§.##...#...#


You could see a necrophage.

Vanquished Creatures
  Edmund (D:2)
  A water moccasin (D:4)
  Duvessa (D:4)
  A black bear (D:4)
  Blork the orc (D:4)
  2 scorpions
  Dowan (D:4)
  A hound (D:4)
  A centaur skeleton (D:4)
  Ijyb (D:4)
  An orc wizard (D:4)
  A gnoll (D:1)
  3 adders
  An adder skeleton (D:4)
  3 worms
  2 dart slugs
  3 orcs (D:4)
  6 endoplasms
  7 giant cockroaches
  12 goblins
  5 hobgoblins
  7 jackals (D:1)
  2 quokkas
  5 ball pythons
  5 bats
  4 kobolds
  5 rats
83 creatures vanquished.

Notes
Turn   | Place    | Note
-------+----------+-------------------------------------------
     0 | D:1      | theswoord the Demonspawn Gladiator began the quest for the
                  | Orb.
     0 | D:1      | Reached XP level 1. HP: 16/16 MP: 1/1
    85 | D:1      | Reached skill level 3 in Staves
    85 | D:1      | Gained mutation: You sometimes gain a little power by
                  | taking damage. [demonic ancestry]
    85 | D:1      | Reached XP level 2. HP: 15/22 MP: 2/2
   589 | D:1      | Gained mutation: You are partially covered in large bone
                  | plates. (SH +4) [demonic ancestry]
   589 | D:1      | Reached XP level 3. HP: 27/27 MP: 3/3
  1503 | D:2      | Gained mutation: You sometimes gain power by taking damage.
                  | [demonic ancestry]
  1503 | D:2      | Reached XP level 4. HP: 30/34 MP: 4/4
  2001 | D:2      | Found a faded altar of an unknown god.
  2535 | D:4      | Noticed Edmund
  2892 | D:4      | Reached skill level 4 in Staves
  2935 | D:4      | Identified a scroll of acquirement
  2935 | D:4      | Acquired a manual of Fighting
  3023 | D:4      | Noticed Blork the orc
  3028 | D:4      | Gained mutation: You regenerate a little health from kills.
                  | [demonic ancestry]
  3028 | D:4      | Reached XP level 5. HP: 28/39 MP: 5/5
  3030 | D:4      | Killed Blork the orc
  3048 | D:4      | Noticed Ijyb
  3051 | D:4      | Reached skill level 5 in Staves
  3058 | D:4      | Killed Ijyb
  3372 | D:4      | Reached XP level 6. HP: 46/46 MP: 6/6
  3398 | D:4      | Reached skill level 6 in Staves
  3635 | D:4      | Noticed Dowan
  3636 | D:4      | Noticed Duvessa
  3637 | D:4      | Gained mutation: Your mind is acute. (Int +2) [potion of
                  | mutation]
  3637 | D:4      | Gained mutation: You have sharp fingernails. [potion of
                  | mutation]
  3637 | D:4      | Gained mutation: You have hidden genetic potential. [potion
                  | of mutation]
  3871 | D:2      | Killed Edmund
  3872 | D:2      | Reached XP level 7. HP: 39/52 MP: 7/7
  4092 | D:4      | Reached skill level 7 in Staves
  4144 | D:4      | Killed Duvessa
  4147 | D:4      | Killed Dowan
  4158 | D:4      | Gained mutation: Your mind is very acute. (Int +4) [hidden
                  | potential]
  4377 | D:5      | Entered Level 5 of the Dungeon
  4400 | D:4      | Slain by a necrophage

Skill      XL: |  1  2  3  4  5  6  7 |
---------------+----------------------+-----
Staves         | 3 4 5 6 7 |  7.8
Dodging        | 3 |  3.1
Throwing       | 2 |  2.0
Fighting       | 3 |  3.9
Armour         | |  0.4
Shields        | |  0.4

Action                   |  1- 3 |  4- 6 |  7- 9 || total
-------------------------+-------+-------+-------++-------
Melee: Quarterstaff      |   128 |   148 |    37 ||   313
       Unarmed           |       |    14 |       ||    14
Throw: Throwing net      |       |     2 |       ||     2
  Use: Potion            |       |     5 |     2 ||     7
       Scroll            |       |     1 |     8 ||     9
 Stab: Sleeping          |     1 |       |       ||     1
       Confused          |       |     1 |       ||     1
Armor: Leather armour    |    13 |       |       ||    13
       Scale mail        |    33 |    43 |       ||    76
       Skin              |       |    19 |       ||    19
       Chain mail        |       |     8 |    16 ||    24
Dodge: Dodged            |    55 |    79 |    10 ||   144
Block: Other             |    15 |    26 |    11 ||    52

Levels and vault maps discovered:
D:1:      grunt_arrival_crossed_arrows, layout_loops_ring,
          chequers_serial_rivers_marsh
D:2:      layout_loops_corners, hellmonk_ecumenical_altar_leap_of_faith,
          basic_altar
D:3:      layout_rooms, serial_bayou_pond_c, kennysheep_boxes
D:4:      kennysheep_the_goblin_king, layout_gridville, uniq_duvessa,
          uniq_edmund, uniq_blork_the_orc
D:5:      layout_rooms, lemuel_temple_firewalk_b, kennysheep_generic_room_16,
          uniq_menkaure, uniq_pikel
